 Dungeon Crawl Stone Soup version 0.32-a0-999-gfa1cc04b1d (webtiles) character file.

Game seed: 8935688631174487472

539 Strat the Ruffian (level 7, 50/50 (52) HPs)
             Began as a Yellow Draconian Shapeshifter on Apr 24, 2024.
             Was an Initiate of Yredelemnul.
             Quit the game on level 6 of the Dungeon.
             The game lasted 00:08:22 (3018 turns).

Strat the Ruffian (Yellow Draconian Shapeshifter)   Turns: 3018, Time: 00:08:23

HP:   50/50 (52)    AC:  6    Str: 22    XL:     7   Next: 5%
MP:   7/7           EV: 11    Int: 11    God:    Yredelemnul [......]
Gold: 153           SH:  0    Dex: 12    Spells: 6/6 levels left

rFire   . .          .
                       - Unarmed
rCold   . . .        (no shield)
rNeg    . . .        (body armour unavailable)
rPois   .            (helmet currently unavailable)
rElec   .            (cloak currently unavailable)
rCorr   +            (gloves currently unavailable)
SInv    .            (boots currently unavailable)
Will    .....        (no amulet)
Stlth   +            e - +6 ring of strength
HPRegen 0.28/turn    f - +4 ring of slaying
MPRegen 0.10/turn

%: no passive effects
@: beast-form, wreathed by umbra, lightly drained
A: beast (slay +2), caustic breath, AC +6, unfitting armour, cold-blooded, acid
resistance
a: Caustic Breath, Begin Untransformation, Renounce Religion, Light the Black
Torch, Recall Undead Harvest


You were on level 6 of the Dungeon.
You worshipped Yredelemnul.
Yredelemnul was noncommittal.
You were a hulking beast.
You visited 2 branches of the dungeon, and saw 6 of its levels.

You collected 153 gold pieces.

Inventory:

Missiles
 p - 5 atropa-tipped darts (quivered)
 t - a throwing net
Armour
 w - a +0 kite shield
Jewellery
 e - a +6 ring of strength (left hand)
 f - a +4 ring of slaying (right hand)
 v - a ring of see invisible
 x - an amulet of magic regeneration
Talismans
 b - a beast talisman (active)
 c - a flux talisman
 j - a talisman of death
Wands
 q - a wand of flame (18)
 y - a wand of polymorph (12)
Scrolls
 d - a scroll of brand weapon
 g - a scroll of vulnerability
 l - a scroll of revelation
 m - a scroll of enchant armour {unknown}
 n - 3 scrolls of teleportation
 r - a scroll of fog
 z - a scroll of identify
Potions
 a - a potion of lignification
 h - a potion of heal wounds {unknown}
 i - a potion of mutation {unknown}
 k - a potion of berserk rage {unknown}
 o - a potion of enlightenment {unknown}
 u - a potion of might {unknown}


   Skills:
 - Level 1.1 Fighting
 - Level 1.7 Dodging
 * Level 6.8 Unarmed Combat
 + Level 5.0 Shapeshifting


You had 6 spell levels left.
You didn't know any spells.
Your spell library contained the following spells:

 Spells                   Type           Power      Damage    Failure   Level
 Apportation              Tloc           0%         N/A       34%         1
 Necrotise                Necr           0%         1d4       34%         1
 Sting                    Conj/Alch      0%         1d3       34%         1
 Summon Small Mammal      Summ           0%         N/A       34%         1


Dungeon Overview and Level Annotations

Branches:
Dungeon (6/15)             Temple (1/1) D:6

Altars:
Ashenzari
Cheibriados
Dithmenos
Elyvilon
Fedhas
Gozag
Hepliaklqana
Okawaru
Ru
Sif Muna
Trog
Uskayaw
Wu Jian
Xom
Yredelemnul
Zin
The Shining One

Shops:
D:2 (


Innate Abilities, Weirdness & Mutations

You are a hulking beast.
Your limbs bulge with bestial killing power. (Slay +2)
You can breathe corrosive fumes.
Your golden yellow scales are hard. (AC +6)
You cannot fit into any form of body armour.
You are cold-blooded and may be slowed by cold attacks.
You are resistant to acid. (rCorr)


Message History

Press: ? - help, Shift-Dir - straight line, f - wight
Aim: a wight, wielding a +0 short sword and wearing a +0 robe (heavily damaged, umbra, 68% to hit)
The puff of flame hits the wight!
You destroy the wight!
Unknown command.
Aiming: Throw Flame
Press: ? - help, Shift-Dir - straight line, f - wight
Aim: a wight, wielding a +2 dire flail and wearing a +0 robe (heavily damaged, umbra, 68% to hit)
The puff of flame hits the wight.
The wight is almost destroyed.
The wight hits you with a +2 dire flail!
* * * LOW HITPOINT WARNING * * *
You feel drained.
* * * LOW HITPOINT WARNING * * *
Aiming: Throw Flame
Press: ? - help, Shift-Dir - straight line, f/p - wight
Aim: a wight, wielding a +2 dire flail and wearing a +0 robe (almost destroyed, umbra, 68% to hit)
The puff of flame hits the wight but does no damage.
The wight is almost destroyed.
The wight closely misses you.
Aiming: Throw Flame
Press: ? - help, Shift-Dir - straight line, f/p - wight
Aim: a wight, wielding a +2 dire flail and wearing a +0 robe (almost destroyed, umbra, 68% to hit)
The puff of flame misses the wight.
The wight barely misses you.
Unknown command.
A wight is nearby!
Aiming: Throw Flame
Press: ? - help, Shift-Dir - straight line, f/p - wight
Aim: a wight, wielding a +2 dire flail and wearing a +0 robe (almost destroyed, umbra, 68% to hit)
The puff of flame hits the wight.
You destroy the wight!
Your Shapeshifting skill increases to level 5!
You have reached level 7!
Your scales start taking on a golden yellow colour.
You can breathe corrosive fumes.
You feel resistant to acid.
Items here: ))) [[[.
You start resting.
HP restored.
Are you sure you want to abandon this character and quit the game? (Confirm with "yes".)

# #...# #.....# #.## # #...#
#..##.## #.## #...#
###..#...###)## ######...#######
##......_......#
...............###...###...#..#..
...................#.# ##.##..###
...............#.....# #.....# #
#####.....######.#.#.####.....# #
#####.###^# #h#........#####
......# #<# #.#........#
.####.###.# #.#.#.###### #####
.####.....######.#.#.########....
..............##......##..[...###
.#.##.........###..~~~...#.......
.........###..# #.~~§~§..#.#..##.
.#....Z....#..###§§§~§~~...#..##.
.#..##...#.......~§~>§§~.###.....


There were no monsters in sight!

Vanquished Creatures
  A bullfrog (D:6)
  3 wights (D:6)
  2 bombardier beetles
  A jelly (D:6)
  A sleepcap (D:6)
  Robin (D:2)
  2 adders
  A white imp (D:6)
  2 dart slugs
  2 ribbon worms (D:2)
  3 orcs
  3 endoplasms
  5 giant cockroaches
  15 goblins
  10 hobgoblins
  12 kobolds
  6 ball pythons
  7 bats
  7 frilled lizards
  7 rats
91 creatures vanquished.

Vanquished Creatures (collateral kills)
  A howler monkey (D:6)
  A crimson imp (D:6)
2 creatures vanquished.

Vanquished Creatures (others)
  A bullfrog zombie (D:6)
  A spectral crimson imp (D:6)
  A howler monkey zombie (D:6)
  A bombardier beetle zombie (D:6)
4 creatures vanquished.

Grand Total: 97 creatures vanquished

Notes
Turn   | Place    | Note
-------+----------+-------------------------------------------
     0 | D:1      | Strat the Draconian Shapeshifter began the quest for the
                  | Orb.
     0 | D:1      | Reached XP level 1. HP: 16/16 MP: 1/1
   150 | D:1      | Found a faded altar of an unknown god.
   160 | D:1      | Reached XP level 2. HP: 23/23 MP: 2/2
   512 | D:1      | Reached XP level 3. HP: 28/28 MP: 3/3
   748 | D:2      | Reached skill level 4 in Unarmed Combat
   995 | D:2      | Identified the +2 helmet of the Gate {rC++ rN+ Str+3 Dex-2}
   995 | D:2      | Noticed Robin
  1012 | D:2      | Killed Robin
  1013 | D:2      | Reached XP level 4. HP: 31/35 MP: 4/4
  1114 | D:2      | Found Toosot's Weapon Boutique.
  1326 | D:3      | Noticed an orc warrior
  1680 | D:3      | Reached XP level 5. HP: 39/40 MP: 5/5
  2054 | D:4      | You fall into a shaft and drop 2 floors!
  2101 | D:6      | Reached skill level 5 in Unarmed Combat
  2246 | D:6      | Found a staircase to the Ecumenical Temple.
  2255 | Temple   | Entered the Ecumenical Temple
  2285 | Temple   | Became a worshipper of Yredelemnul the Fallen
  2346 | D:6      | Found a hide-covered altar of Uskayaw.
  2368 | D:6      | Reached XP level 6. HP: 18/47 MP: 6/6
  2604 | D:6      | Found a blossoming altar of Fedhas.
  2637 | D:6      | Reached skill level 6 in Unarmed Combat
  2878 | D:6      | HP: 2/40 [wight/+0 short sword (3)]
  2894 | D:6      | Reached skill level 5 in Shapeshifting
  2894 | D:6      | Your scales start taking on a golden yellow colour.
  2894 | D:6      | Reached XP level 7. HP: 15/50 MP: 7/7
  2894 | D:6      | Gained mutation: You are resistant to acid. (rCorr) [Yellow
                  | Draconian growth]
  3018 | D:6      | Quit the game

Illustrated notes

Levels and vault maps discovered:
D:1:      lordsloth_arrival_two_stooges, layout_basic,
          chequers_ecumenical_altar_simple_redux, minmay_surrounded
D:2:      layout_rooms, serial_shops, shop, uniq_robin
D:3:      minmay_bubble_buster, layout_rooms
D:4:      layout_loops_corners, serial_shops, nicolae_shop_real_fake_doors
D:6:      layout_loops_cross, nicolae_overflow_crystal_walls, fedhas_altar_2,
          minmay_temple_entry_mist, minmay_fire_ice_demons
Temple:   bh_familiar_temple

Skill      XL: |  1  2  3  4  5  6 |
---------------+-------------------+-----
Unarmed Combat | 4 5 6 |  6.8
Shapeshifting  | 4 5 |  5.0
Fighting       | |  1.1
Dodging        | |  1.7

Action                     |  1- 3 |  4- 6 |  7- 9 || total
---------------------------+-------+-------+-------++-------
  Melee: Unarmed           |   109 |    71 |       ||   180
         Tailslap          |    17 |     7 |       ||    24
         Punch             |     2 |     3 |       ||     5
  Evoke: Wand              |       |     7 |       ||     7
    Use: Scroll            |       |     8 |       ||     8
         Potion            |       |     5 |       ||     5
 Armour: Skin              |    70 |    53 |       ||   123
  Dodge: Dodged            |    85 |    49 |       ||   134

Table legend: (Time is in decaauts)
 A = Elapsed time spent in this place.
 B = Non-inter-level travel time spent in this place.
 C = Inter-level travel time spent in this place.
 D = Time resting spent in this place.
 E = Time spent auto-exploring this place.
 F = Levels seen in this place.
 G = Mean time per level.
                   A        B        C        D        E       F      G
               +--------+--------+--------+--------+--------+-----+--------+
         Total |   3011 |   2870 |    141 |    228 |   1869 |   6 |  501.8 |
       Dungeon |   2952 |   2868 |     84 |    228 |   1869 |   5 |  590.4 |
        Temple |     59 |      2 |     57 |      0 |      0 |   1 |   59.0 |
               +--------+--------+--------+--------+--------+-----+--------+

Top non-repeatable levels by time:
     D:6: 906 daAuts
     D:3: 711 daAuts
     D:2: 663 daAuts
     D:1: 649 daAuts
  Temple: 59 daAuts
     D:4: 21 daAuts
